 Dungeon Crawl Stone Soup version 0.30-a0-373-gd37427bb62 (webtiles) character file.

Game seed: 12996089851247735037

11 qeuew the Poker (level 2, 23/23 HPs)
             Began as a Merfolk Gladiator on Nov 23, 2022.
             Was a Follower of Kikubaaqudgha.
             Quit the game on level 1 of the Dungeon.
             The game lasted 00:00:48 (279 turns).

qeuew the Poker (Merfolk Gladiator)                  Turns: 279, Time: 00:00:48

Health: 23/23      AC:  4    Str: 14    XL:     2   Next: 25%
Magic:  2/2        EV: 13    Int:  7    God:    Kikubaaqudgha [*.....]
Gold:   59         SH:  0    Dex: 15    Spells: 1/1 levels left

rFire   . . .      SeeInvis .    a - +0 trident
rCold   . . .      Faith    .    (no shield)
rNeg    . . .      Spirit   .    b - +0 leather armour
rPois   .          Reflect  .    c - +0 helmet
rElec   .          Harm     .    (no cloak)
rCorr   .          Rampage  .    (no gloves)
Will    .....                    (no boots)
Stlth   +.........               (no amulet)
HPRegen 0.23/turn                (no ring)
MPRegen 0.08/turn                (no ring)

@: no status effects
A: (nimble swimmer 2), mertail
a: Renounce Religion, Unearth Wretches


You were on level 1 of the Dungeon.
You worshipped Kikubaaqudgha.
Kikubaaqudgha was aware of your devotion.
You visited 1 branch of the dungeon, and saw 1 of its levels.

You collected 59 gold pieces.

Inventory:

Hand Weapons
 a - a +0 trident (weapon)
Missiles
 d - 3 throwing nets (quivered)
 e - a javelin
Armour
 b - a +0 leather armour (worn)
 c - a +0 helmet (worn)
Jewellery
 h - a +4 ring of protection
Scrolls
 f - a scroll of amnesia {unknown}
Potions
 g - a potion of brilliance {unknown}
 i - 2 potions of magic {unknown}


   Skills:
 + Level 2.4 Fighting
 + Level 4.2 Polearms
 + Level 2.1 Throwing
 * Level 0.5 Armour
 + Level 4.1 Dodging


You had one spell level left.
You didn't know any spells.
Your spell library contained the following spells:

 Spells                   Type           Power      Damage    Failure   Level
 Kiss of Death            Conj/Necr      0%         2d5       52%         1
 Necrotise                Necr           0%         1d4       52%         1
 Cigotuvi's Dreadful Rot  Necr/Pois/Air  0%         N/A       65%         2
 Sublimation of Blood     Necr           0%         N/A       65%         2


Dungeon Overview and Level Annotations

Branches:
Dungeon (1/15)

Altars:
Kikubaaqudgha


Innate Abilities, Weirdness & Mutations

((You are very nimble when in or above water. (Stealth+, EV+, Speed+++)))
Your lower body shifts to a powerful aquatic tail in water.


Message History

You reach to attack!
You miss the kobold. You closely miss the kobold.
The kobold hits you but does no damage.
You closely miss the kobold. The kobold hits you but does no damage.
You closely miss the kobold. The kobold hits you with a +0 club.
You miss the kobold. The kobold hits you but does no damage.
You barely miss the kobold. The kobold completely misses you.
The kobold barely misses you.
You puncture the kobold!
You kill the kobold!
No target in view!
No target in view!
No target in view!
You now have 59 gold pieces (gained 13).
Found a faded altar of an unknown god.
Found 7 stones.
i - 2 lumpy golden potions A frilled lizard comes into view.
The frilled lizard hisses angrily.
You reach to attack!
You closely miss the frilled lizard.
You hit the frilled lizard but do no damage.
The frilled lizard barely misses you.
You hit the frilled lizard.
The frilled lizard is heavily wounded.
The frilled lizard barely misses you.
You barely miss the frilled lizard.
The frilled lizard is heavily wounded.
The frilled lizard completely misses you.
You hit the frilled lizard.
You kill the frilled lizard!
No target in view!
No target in view!
No target in view!
There is a faded altar of an unknown god here.
This altar belongs to (a) Makhleb, (b) Cheibriados or (c) Kikubaaqudgha, but you can't tell which.
Press the corresponding letter to learn more about a god, or press enter to convert or escape to cancel.
Kikubaaqudgha accepts your prayer! Kikubaaqudgha welcomes you!
You can now bring forth the wretched and dying.
Kikubaaqudgha grants you a gift!
You add the spells Kiss of Death, Necrotise, Cigotuvi's Dreadful Rot and Sublimation of Blood to your library.
Are you sure you want to abandon this character and quit the game? (Confirm with "yes".)

#...#...#..##......#
#†#####............#
#.. #...##.##.....####
###.#................#
#...##....###.####.#
#### #.....##.# #.#
#...#.##.####.#
#.....##^.^##.#####
#...###.^@^.......#
#...###..^^#...##.#
#........(........#
#...########...#....
#.............##.##.#
#.#.############.. .
#.#.# #.## #.#.# #.#
#######.#.# #.#


There were no monsters in sight!

Vanquished Creatures
  2 bats (D:1)
  2 goblins (D:1)
  2 jackals (D:1)
  A kobold (D:1)
  A ball python (D:1)
  A frilled lizard (D:1)
9 creatures vanquished.

Notes
Turn   | Place    | Note
-------+----------+-------------------------------------------
     0 | D:1      | qeuew the Merfolk Gladiator began the quest for the Orb.
     0 | D:1      | Reached XP level 1. HP: 16/16 MP: 1/1
   119 | D:1      | Reached XP level 2. HP: 23/23 MP: 2/2
   221 | D:1      | Found a faded altar of an unknown god.
   278 | D:1      | Prayed at the altar of an unknown god.
   278 | D:1      | Became a worshipper of Kikubaaqudgha
   278 | D:1      | Reached * piety under Kikubaaqudgha
   278 | D:1      | Received a gift from Kikubaaqudgha
   279 | D:1      | Quit the game

Illustrated notes

Levels and vault maps discovered:
D:1:      ncdulo_lavacross, layout_loops_ring, ebering_ecumenical_altar_webs

Action                   || total
-------------------------++-------
Melee: Trident           ||    27
 Stab: Sleeping          ||     1
       Distracted        ||     1
Armor: Leather armour    ||     7
Dodge: Dodged            ||    13

Table legend: (Time is in decaauts)
 A = Elapsed time spent in this place.
 B = Non-inter-level travel time spent in this place.
 C = Inter-level travel time spent in this place.
 D = Time resting spent in this place.
 E = Time spent auto-exploring this place.
 F = Levels seen in this place.
 G = Mean time per level.
                   A        B        C        D        E       F      G
               +--------+--------+--------+--------+--------+-----+--------+
         Total |    281 |    263 |     18 |      0 |    202 |   1 |  281.0 |
       Dungeon |    281 |    263 |     18 |      0 |    202 |   1 |  281.0 |
               +--------+--------+--------+--------+--------+-----+--------+

Top non-repeatable levels by time:
     D:1: 281 daAuts
